 Dungeon Crawl Stone Soup version 0.20.0-10-g0535bb4 (webtiles) character file.

102 poirepourri the Grave Robber (level 4, 0/30 HPs)
             Began as a Mummy Necromancer on June 3, 2017.
             Slain by Amianthus's ghost (5 damage)
             ... on level 3 of the Dungeon.
             The game lasted 00:03:49 (3167 turns).

poirepourri the Grave Robber (Mummy Necromancer)    Turns: 3167, Time: 00:03:50

Health: 0/30       AC:  2    Str: 11    XL:     4   Next: 49%
Magic:  10/10      EV: 12    Int: 15    God:
Gold:   22         SH:  0    Dex: 12    Spells: 7/12 levels left

rFire    x . .     SeeInvis .   (no weapon)
rCold    + . .     Gourm    .   (no shield)
rNeg     + + +     Faith    .   a - +0 robe
rPois    ∞         Spirit   .   (no helmet)
rElec    .         Reflect  .   (no cloak)
rCorr    .         Harm     .   (no gloves)
MR       .....                  (no boots)
Stlth    ++........             (no amulet)
Regen    0.1/turn               (no ring)
MPRegen  0.2/turn               (no ring)

@: no status effects
A: no food or potions, fire vulnerability, cold resistance 1, negative energy
resistance 3, torment resistance, unbreathing
a: no special abilities


You were on level 3 of the Dungeon.
You were not hungry.

You visited 1 branch of the dungeon, and saw 3 of its levels.

You collected 22 gold pieces.

Inventory:

Armour
 a - a +0 robe (worn)
Wands
 d - a wand of random effects (26/48)
Scrolls
 e - a scroll of enchant weapon
Books
 b - a book of Necromancy

   Spells                             Type                      Level
   a - Pain                           Necromancy                   1
   b - Animate Skeleton               Necromancy                   1
   c - Vampiric Draining              Necromancy                   3
   d - Regeneration                   Charms/Necromancy            3
   e - Animate Dead                   Necromancy                   4
   f - Control Undead                 Necromancy                   4
 c - a book of Cantrips

   Spells                             Type                      Level
   a - Confusing Touch                Hexes                        1
   b - Animate Skeleton               Necromancy                   1
   c - Summon Small Mammal            Summoning                    1
   d - Apportation                    Translocation                1


   Skills:
 + Level 1.8 Dodging
 - Level 1.5 Stealth
 * Level 4.7 Spellcasting
 + Level 4.8 Necromancy


You had 7 spell levels left.
You knew the following spells:

 Your Spells              Type           Power        Failure   Level  Hunger
a - Pain                  Necr           ###.         2%          1    N/A
b - Animate Skeleton      Necr           N/A          2%          1    N/A
c - Vampiric Draining     Necr           ###.......   7%          3    N/A

Dungeon Overview and Level Annotations

Branches:
Dungeon (3/15)

Altars:
Dithmenos
Hepliaklqana
Trog

Annotations:
D:3 Amianthus's ghost, amateur KoAE


Innate Abilities, Weirdness & Mutations

You do not eat or drink.
Your flesh is vulnerable to fire.
You are immune to poison.
Your flesh is cold resistant. (rC+)
You are immune to negative energy. (rN+++)
You are immune to unholy pain and torment.
You can survive without breathing.


Message History

You hit Amianthus's ghost but do no damage.
Amianthus's ghost is lightly damaged.
Amianthus's ghost hits you but does no damage.
You closely miss Amianthus's ghost.
Amianthus's ghost is lightly damaged.
Amianthus's ghost closely misses you.
You closely miss Amianthus's ghost.
Amianthus's ghost is lightly damaged.
Amianthus's ghost says, "Resistance is futile!"
Amianthus's ghost hits you.
You closely miss Amianthus's ghost.
Amianthus's ghost is lightly damaged.
Amianthus's ghost hits you.
You barely miss Amianthus's ghost. Amianthus's ghost hits you.
* * * LOW HITPOINT WARNING * * *
You hit Amianthus's ghost but do no damage.
Amianthus's ghost hits you.
* * * LOW HITPOINT WARNING * * *
You miss Amianthus's ghost. Amianthus's ghost hits you.
You die...

#.##.#.##.##
#.##.#.##..#
####.#........#
####....g..#.....#
#_≈####.#....###..
#.##..g.#K.......K
#Kg..####.##.####.
#W#### #g#.......
#@≈# #.########
#### #...K.g...
##########


You could see Amianthus's ghost, a goblin and a kobold.

Vanquished Creatures
  3 gnolls
  An adder (D:2)
  An ooze (D:2)
  A worm (D:3)
  2 dart slugs (D:1)
  5 leopard geckos
  2 giant cockroaches
  4 goblins
  5 hobgoblins
  A quokka (D:2)
  A ball python (D:1)
  5 bats
  4 frilled lizards (D:2)
  5 kobolds
  12 rats
52 creatures vanquished.

Notes
Turn   | Place    | Note
-------+----------+-------------------------------------------
     0 | D:1      | poirepourri the Mummy Necromancer began the quest for the Orb.
     0 | D:1      | Reached XP level 1. HP: 13/13 MP: 4/4
   504 | D:1      | Reached XP level 2. HP: 19/19 MP: 3/5
   811 | D:1      | Learned a level 1 spell: Animate Skeleton
  1315 | D:1      | Reached XP level 3. HP: 16/24 MP: 4/7
  1640 | D:2      | Learned a level 3 spell: Vampiric Draining
  2217 | D:2      | Found a bloodstained altar of Trog.
  2594 | D:2      | Reached XP level 4. HP: 30/30 MP: 6/10
  2745 | D:3      | Noticed Amianthus's ghost (amateur KoAE)
  3153 | D:3      | Found a hazy altar of Hepliaklqana.
  3153 | D:3      | Found a shadowy altar of Dithmenos.
  3167 | D:3      | Slain by Amianthus's ghost

Skill      XL: |  1  2  3 |
---------------+----------+-----
Spellcasting   | 3 4 |  4.7
Dodging        | |  1.8
Stealth        | |  1.5
Necromancy     | |  4.8

Action                   |  1- 3 |  4- 6 || total
-------------------------+-------+-------++-------
Melee: Unarmed           |     1 |    11 ||    12
 Cast: Pain              |    87 |    26 ||   113
  Use: Scroll            |     2 |     2 ||     4
Armor: Robe              |     3 |     3 ||     6
Dodge: Dodged            |    13 |    20 ||    33
